 Dungeon Crawl Stone Soup version 0.30-a0-1123-gabc949cf19 (webtiles) character file.

Game seed: 3646313219631473456

21996 13Fox the Marksfrog (level 12, -2/103 HPs)
             Began as a Barachi Hunter on Apr 21, 2023.
             Was a Priest of Fedhas.
             Killed from afar by a lindwurm (15 damage)
             ... with a blast of flame
             ... while petrified by a basilisk
             ... on level 4 of the Lair of Beasts on Apr 22, 2023.
             The game lasted 01:00:58 (16382 turns).

13Fox the Marksfrog (Barachi Hunter)               Turns: 16382, Time: 01:00:59

Health: -2/103     AC: 17    Str: 13    XL:     12   Next: 95%
Magic:  17/17      EV:  2    Int: 11    God:    Fedhas [***...]
Gold:   268        SH:  0    Dex: 25    Spells: 6/12 levels left

rFire   . . .        a - +1 shortbow
rCold   . . .        (shield currently unavailable)
rNeg    + + +        B - +0 acid dragon scales
rPois   ∞            g - +2 helmet
rElec   .            l - +1 cloak
rCorr   +            t - +1 pair of gloves
SInv    +            k - +1 pair of boots
Will    .....        u - amulet of regeneration
Stlth   +++          j - ring of see invisible
HPRegen 1.17/turn    D - +6 ring of dexterity
MPRegen 0.15/turn

%: no passive effects
@: petrified, slow
A: amphibious, slowness 1, strong legs 1, +LOS, mutation resistance 1
a: Hop, Renounce Religion, Wall of Briars, Grow Ballistomycete


You were on level 4 of the Lair of Beasts.
You worshipped Fedhas.
Fedhas was most pleased with you.
You visited 2 branches of the dungeon, and saw 18 of its levels.

You collected 923 gold pieces.
You spent 655 gold pieces at shops.

Inventory:

Hand Weapons
 a - a +1 shortbow (weapon)
 b - the +9 flail "Affoson" {holy, rN+++ Str+6}
   (You found it on level 4 of the Dungeon)

   Str:       It affects your strength (+6).
   rN:        It renders you almost immune to negative energy.
Armour
 g - a +2 helmet (worn)
 k - a +1 pair of boots (worn)
 l - a +1 cloak (worn)
 t - a +1 pair of gloves (worn)
 B - +0 acid dragon scales (worn)
Jewellery
 j - a ring of see invisible (left hand)
 u - an amulet of regeneration (around neck)
 A - an amulet of the acrobat
 C - a ring of fire
 D - a +6 ring of dexterity (right hand)
 E - a +6 ring of intelligence
Wands
 e - a wand of flame (13)
 q - a wand of polymorph (10)
 F - a wand of mindburst (16)
 G - a wand of charming (4)
 H - a wand of iceblast (3)
 K - a wand of quicksilver (5)
Scrolls
 c - 3 scrolls of immolation
 f - 8 scrolls of teleportation
 i - 4 scrolls of fear
 s - 3 scrolls of magic mapping
 v - 3 scrolls of blinking
 y - 3 scrolls of enchant weapon
 z - 7 scrolls of vulnerability
 J - 4 scrolls of butterflies
Potions
 d - 3 potions of mutation
 h - 7 potions of brilliance
 m - 4 potions of haste
 n - a potion of curing
 o - 3 potions of berserk rage
 p - 2 potions of flight
 r - a potion of resistance
 w - a potion of cancellation
 x - 2 potions of ambrosia
 I - a potion of lignification
 L - a potion of might


   Skills:
 - Level 12.5 Fighting
 - Level 16.0 Ranged Weapons
 - Level 4.5 Armour
 - Level 4.8 Dodging
 * Level 3.1 Stealth
 - Level 0.7 Spellcasting
 * Level 6.9 Invocations


You had 6 spell levels left.
You knew the following spells:

 Your Spells              Type           Power      Damage    Failure   Level
a - Portal Projectile     Hex/Tloc       0%         N/A       80%         3
b - Tukima's Dance        Hex            0%         N/A       80%         3

Your spell library contained the following spells:

 Spells                   Type           Power      Damage    Failure   Level
 Apportation              Tloc           0%         N/A       43%         1
 Freeze                   Ice            0%         1d3       43%         1
 Kiss of Death            Conj/Necr      0%         2d5       43%         1
 Necrotise                Necr           0%         1d4       43%         1
 Summon Small Mammal      Summ           0%         N/A       43%         1
 Blink                    Tloc           0%         N/A       56%         2
 Lesser Beckoning         Tloc           0%         N/A       56%         2
 Momentum Strike          Conj/Tloc      0%         3d8       56%         2
 Call Canine Familiar     Summ           0%         N/A       80%         3
 Confusing Touch          Hex            0%         N/A       80%         3
 Frozen Ramparts          Ice            0%         1d1       80%         3
 Gell's Gravitas          Tloc           0%         N/A       80%         3
 Hailstorm                Conj/Ice       0%         3d3       80%         3
 Teleport Other           Tloc           0%         N/A       80%         3
 Anguish                  Hex/Necr       0%         N/A       99%         4
 Cause Fear               Hex            0%         N/A       99%         4
 Dispel Undead            Necr           0%         3d6       99%         4
 Leda's Liquefaction      Hex/Erth       0%         N/A       99%         4
 Manifold Assault         Tloc           0%         N/A       99%         4
 Passage of Golubria      Tloc           0%         N/A       99%         4
 Alistair's Intoxication  Tmut/Pois      0%         N/A       100%        5
 Iskenderun's Battlesphe  Conj           0%         2d6       100%        5
 Yara's Violent Unravell  Hex/Tmut       0%         3d3       100%        5
 Iron Shot                Conj/Erth      0%         9d1       100%        6
 Enfeeble                 Hex            0%         N/A       100%        7
 Spellforged Servitor     Conj/Summ      0%         N/A       100%        7
 Storm Form               Tmut/Air       0%         N/A       100%        7


Dungeon Overview and Level Annotations

Branches:
Dungeon (13/15)            Temple (0/1) D:6            Lair (5/5) D:9
 Shoals (0/4) Lair:3        Snake (0/4) Lair:2          Orc (0/2) D:12
  Slime: Lair:4-5    Vaults: D:13-14

Altars:
Cheibriados
Dithmenos
Elyvilon
Fedhas
Gozag
Makhleb
Nemelex Xobeh
Sif Muna
Trog
Vehumet
Wu Jian
Yredelemnul
Zin

Shops:
D:1 *   D:3 *   D:6 (:=?*   D:7 :

Portals:
Trove: D:11 (give 4 potions of resistance)

Annotations:
D:1 1 runed translucent door
D:4 1 runed translucent door, Warped's ghost, amateur FoFi
D:8 1 runed translucent door, mandoloar's ghost, novice OpEE


Innate Abilities, Weirdness & Mutations

You are amphibious.
You cover ground slowly.
You can hop short distances.
You have an extended range of vision and can be seen from far away.
You are somewhat resistant to further mutation.


Message History

The lindwurm is almost dead.
The lindwurm breathes flames at you. The blast of flame hits you!!
The basilisk gazes at you.
You are slowing down.
You climb upwards.
You have turned to stone.
The lindwurm bites you!
The lindwurm claws you but does no damage. x2
The lindwurm bites you. The lindwurm completely misses you.
The lindwurm claws you. The lindwurm bites you! The lindwurm claws you. x2
* * * LOW HITPOINT WARNING * * *
The lindwurm barely misses you. The lindwurm claws you.
* * * LOW HITPOINT WARNING * * *
The lindwurm claws you.
* * * LOW HITPOINT WARNING * * *
The lindwurm bites you.
* * * LOW HITPOINT WARNING * * *
The lindwurm claws you but does no damage. x2
The lindwurm breathes flames at you. The blast of flame hits you!!
* * * LOW HITPOINT WARNING * * *
The lindwurm bites you but does no damage.
The lindwurm claws you!
* * * LOW HITPOINT WARNING * * *
The lindwurm claws you.
* * * LOW HITPOINT WARNING * * *
The lindwurm bites you.
* * * LOW HITPOINT WARNING * * *
The lindwurm claws you but does no damage.
The lindwurm barely misses you. The lindwurm bites you.
* * * LOW HITPOINT WARNING * * *
The lindwurm claws you but does no damage.
The lindwurm claws you.
* * * LOW HITPOINT WARNING * * *
The lindwurm breathes flames at you. The blast of flame hits you!!
You die...
Fedhas appreciates your contribution to the ecosystem.

#.#P.........## ## #######
#.............# #.
#####.##..####.............## ##
...........##...............#
....................#P.....#####
.............................#.##
...................#...........#.
..................##.............
................@................
.................k...............
.................................
....................##.......#..#
...........#..P.....##......#####
.........####.##....###....## #
.######.## ####......P..### # ##
### ##........#.# #
#..........#### #


You could see a lindwurm (catching breath).

Vanquished Creatures
  Gastronok (Lair:3)
  3 two-headed ogres
  Nergalle (Lair:3)
  Pikel (D:7)
  An ugly thing (D:12)
  2 cyclopes (D:12)
  A manticore (D:11)
  An elephant (D:9)
  6 cane toads
  A rime drake (Lair:3)
  4 komodo dragons
  An unseen horror (D:12)
  5 trolls
  3 shadows
  4 slime creatures (D:12)
  A snapping turtle (Lair:3)
  3 wraiths
  6 wyverns
  A basilisk (D:9)
  10 yaks
  A steam dragon (D:7)
  4 vampire mosquitoes
  4 nagas (Lair:2)
  8 water moccasins
  3 acid dragons
  4 orc warriors
  A floating eye (Lair:1)
  2 sky beasts
  5 ice beasts
  4 black bears
  2 ogres
  3 wolves (Lair:1)
  4 centaurs
  2 lemures (D:7)
  2 phantoms
  2 kobold brigands
  8 bullfrogs
  3 scorpions
  10 wights
  6 killer bees (D:8)
  3 howler monkeys (D:10)
  2 electric eels
  4 orc priests
  2 hounds
  2 gnoll boudas
  3 jellies
  A sleepcap (D:6)
  3 iguanas
  9 orc wizards
  Robin (D:4)
  12 gnolls
  9 adders
  3 shadow imps
  2 ufetubi
  4 dart slugs
  39 orcs
  A bat (D:1)
  6 endoplasms
  5 giant cockroaches
  18 goblins
  6 hobgoblins
  A quokka (D:1)
  10 ball pythons
  5 frilled lizards
  23 kobolds
  2 rats
  A butterfly (Lair:2)
311 creatures vanquished.

Vanquished Creatures (collateral kills)
  Erica (Lair:1)
1 creature vanquished.

Vanquished Creatures (others)
  5 fungi
  5 plants
10 creatures vanquished.

Grand Total: 322 creatures vanquished

Notes
Turn   | Place    | Note
-------+----------+-------------------------------------------
     0 | D:1      | 13Fox the Barachi Hunter began the quest for the Orb.
     0 | D:1      | Reached XP level 1. HP: 17/17 MP: 1/1
     6 | D:1      | Found a runed translucent door.
    70 | D:1      | Found Nyqoumuh's General Store.
   149 | D:1      | Reached XP level 2. HP: 23/23 MP: 2/2
   451 | D:2      | Reached XP level 3. HP: 29/29 MP: 3/3
   661 | D:2      | Reached skill level 5 in Ranged Weapons
   725 | D:2      | Reached XP level 4. HP: 35/35 MP: 4/4
  1202 | D:3      | Gained mutation: You are somewhat resistant to further
                  | mutation. [potion of mutation]
  1207 | D:3      | Reached XP level 5. HP: 10/42 MP: 5/5
  1327 | D:3      | Found Alesemaele's Assorted Antiques.
  1777 | D:4      | Found Meta's Antique Weapon Boutique.
  1777 | D:4      | Identified the +9 flail "Affoson" {holy, rN+++ Str+6}
  2104 | D:5      | Entered Level 5 of the Dungeon
  2207 | D:4      | Reached skill level 6 in Ranged Weapons
  2349 | D:4      | Noticed Robin
  2379 | D:4      | Killed Robin
  2500 | D:4      | Upgraded the game from 0.30-a0-1116-gebefce21f7 to
                  | 0.30-a0-1123-gabc949cf19
  2566 | D:4      | Reached XP level 6. HP: 49/49 MP: 6/6
  2664 | D:4      | Found a runed translucent door.
  2666 | D:4      | Noticed Warped's ghost (amateur FoFi)
  3084 | D:5      | Reached skill level 5 in Fighting
  3225 | D:5      | Noticed an ice beast
  3234 | D:5      | Killed an ice beast
  3235 | D:5      | Reached skill level 7 in Ranged Weapons
  3235 | D:5      | Reached XP level 7. HP: 56/56 MP: 7/7
  3441 | D:6      | Found Nempyuv's Weapon Shoppe.
  3526 | D:5      | Reached skill level 8 in Ranged Weapons
  3723 | D:5      | Reached XP level 8. HP: 29/65 MP: 8/8
  4299 | D:5      | Reached skill level 9 in Ranged Weapons
  4346 | D:6      | Found Myotul's Book Boutique.
  4359 | D:6      | Found Hotsynle's Magic Scroll Shoppe.
  4367 | D:6      | Bought a scroll of identify for 30 gold pieces
  4367 | D:6      | Bought a scroll of identify for 30 gold pieces
  4369 | D:6      | Bought a scroll of fear for 60 gold pieces
  4375 | D:6      | Found a staircase to the Ecumenical Temple.
  4495 | D:6      | Found Uroq's Jewellery Boutique.
  4715 | D:6      | Found a shimmering blue altar of Sif Muna.
  4979 | D:6      | Reached skill level 10 in Ranged Weapons
  4979 | D:6      | Reached XP level 9. HP: 49/74 MP: 9/9
  5095 | D:6      | Found Biqumylo's Assorted Antiques.
  5145 | D:6      | Bought a scroll labelled TELIYW HOCEI for 26 gold pieces
  5145 | D:6      | Bought a fizzy cyan potion for 23 gold pieces
  5145 | D:6      | Bought a scroll of identify for 52 gold pieces
  5170 | D:6      | Found a radiant altar of Vehumet.
  5970 | D:7      | Reached skill level 11 in Ranged Weapons
  6476 | D:7      | Found Lutyr's Book Shoppe.
  6593 | D:7      | Learned a level 3 spell: Portal Projectile
  6707 | D:8      | Found a runed translucent door.
  6872 | D:7      | Reached XP level 10. HP: 85/85 MP: 10/10
  7103 | D:7      | Reached skill level 12 in Ranged Weapons
  7112 | D:7      | Reached skill level 1 in Armour
  7130 | D:7      | Reached skill level 10 in Fighting
  7452 | D:8      | Noticed mandoloar's ghost (novice OpEE)
  7507 | D:8      | Found a burning altar of Makhleb.
  7509 | D:8      | Found an opulent altar of Gozag.
  7616 | D:9      | Noticed an elephant
  8125 | D:8      | Found a sparkling altar of Nemelex Xobeh.
  8125 | D:8      | Found a bloodstained altar of Trog.
  8125 | D:8      | Found a blossoming altar of Fedhas.
  8126 | D:8      | Found a glowing silver altar of Zin.
  8127 | D:8      | Found a snail-covered altar of Cheibriados.
  8128 | D:8      | Found a white marble altar of Elyvilon.
  8131 | D:8      | Found a shadowy altar of Dithmenos.
  8136 | D:8      | Became a worshipper of Fedhas Madash
  8562 | D:8      | Found an ornate altar of the Wu Jian Council.
  8593 | D:8      | Noticed Pikel
  8714 | D:9      | HP: 4/85 [yak (3)]
  8714 | D:9      | HP: 1/85 [yak (3)]
  9093 | D:7      | Killed Pikel
  9201 | D:9      | Found a staircase to the Lair.
  9247 | D:10     | Entered Level 10 of the Dungeon
  9279 | D:9      | Killed an elephant
  9364 | D:10     | Noticed a two-headed ogre
  9917 | D:9      | Reached skill level 13 in Ranged Weapons
  9934 | D:9      | Reached XP level 11. HP: 44/92 MP: 11/11
 10344 | D:10     | Reached * piety under Fedhas
 10681 | D:10     | Killed a two-headed ogre
 10731 | D:10     | Noticed a two-headed ogre
 10739 | D:10     | Killed a two-headed ogre
 10740 | D:10     | Reached skill level 14 in Ranged Weapons
 11444 | D:11     | Noticed a two-headed ogre
 11454 | D:11     | Killed a two-headed ogre
 11493 | D:12     | Noticed a cyclops
 11493 | D:12     | Found a staircase to the Orcish Mines.
 11505 | D:12     | Killed a cyclops
 11758 | D:11     | Learned a level 3 spell: Tukima's Dance
 11806 | D:11     | Found a portal to a secret trove of treasure.
 11881 | D:11     | Noticed a manticore
 11900 | D:11     | Killed a manticore
 11900 | D:11     | Reached ** piety under Fedhas
 12287 | D:12     | Noticed a purple ugly thing
 12306 | D:12     | Killed a purple ugly thing
 12307 | D:12     | Reached skill level 1 in Invocations
 12336 | D:12     | Reached skill level 15 in Ranged Weapons
 12336 | D:12     | Reached XP level 12. HP: 90/103 MP: 13/13
 12693 | D:13     | Noticed a rakshasa
 12829 | D:13     | Noticed a catoblepas
 13055 | Lair:1   | Entered Level 1 of the Lair of Beasts
 13158 | D:3      | Bought a scroll of fear for 124 gold pieces
 13158 | D:3      | Bought a metallic purple potion for 27 gold pieces
 13158 | D:3      | Bought a metallic purple potion for 27 gold pieces
 13158 | D:3      | Bought a scroll labelled GUPUASA FUMYSULOGE for 31 gold
                  | pieces
 13210 | D:6      | Bought 2 scrolls of blinking for 225 gold pieces
 13296 | Lair:1   | Identified the +3 glaive of Courage {holy, rC+ Int+2 Dex+3}
 13665 | Lair:1   | Noticed Erica
 13675 | Lair:1   | Killed Erica
 14256 | Lair:2   | Found a basalt altar of Yredelemnul.
 14347 | Lair:2   | Found a staircase to the Snake Pit.
 14674 | Lair:2   | Reached skill level 5 in Invocations
 15023 | Lair:3   | Noticed Gastronok
 15024 | Lair:3   | Noticed Nergalle
 15115 | Lair:5   | Entered Level 5 of the Lair of Beasts
 15132 | Lair:4   | Reached *** piety under Fedhas
 15486 | Lair:3   | Killed Nergalle
 15507 | Lair:3   | Killed Gastronok
 15508 | Lair:3   | Reached skill level 16 in Ranged Weapons
 15592 | Lair:3   | Reached skill level 1 in Stealth
 16024 | Lair:3   | Found a staircase to the Shoals.
 16382 | Lair:4   | Killed from afar by a lindwurm

Illustrated notes

Levels and vault maps discovered:
D:1:      dpeg_arrival_caged_fury, layout_rooms, serial_shops, shop
D:2:      layout_basic
D:3:      layout_loops_cross, serial_shops, shop
D:4:      layout_basic, ebering_ghost_reflecting_pool, serial_shops, shop,
          roderic_roman_lattice, chequers_serial_rivers_small_a,
          eino_small_chamber_without_monster, uniq_robin
D:5:      layout_loops_ring
D:6:      layout_basic, vehumet_crystals, led_sif_pool,
          minmay_temple_entry_trees, serial_shops, shop, shop, shop,
          nicolae_shop_pleasant_corner_grove, nicolae_book_shop_shelving
D:7:      minmay_thinvault, layout_layer_cave, serial_shops, shop, serial_glass,
          glass_columns_c, glass_columns_b, ebering_dispersal_statue_hall
D:8:      layout_gridville, nicolae_wu_jian_immortal_techniques, minitemple,
          hellmonk_ghost_happy_afterlife, uniq_pikel
D:9:      layout_rooms, david_lair_generic, enter_bailey_4, serial_corexii_hall,
          corexii_hall_statues_s, corexii_hall_statues_l
D:10:     minmay_evil_eye, layout_loops_ring
D:11:     layout_roguey, nicolae_trove_entry_columns, minmay_crystal_water
D:12:     layout_basic, orc_0_dummy
D:13:     layout_cave_pools, ximxim_vaults_locker_room, nicolae_sextant,
          nicolae_transporter_intersection
Lair:1:   layout_cave_pods, chequers_serial_rivers_micro_e, minmay_holes,
          st_stairs_5, disabler_island, lemuel_fruit_tree, lemuel_fruit_fields,
          infiniplex_staircase_pool_2, uniq_erica
Lair:2:   layout_hall_layers, minmay_snake_entry_guardpost_small, basic_altar,
          minivault_26, grunt_megastairs_5
Lair:3:   layout_long_grid, minmay_shoals_entry_hut, uniq_nergalle,
          uniq_gastronok
Lair:4:   layout_hall_layers
Lair:5:   gammafunk_lair_ancient_temple, layout_cave_pods,
          dpeg_slime_entry_enclosed, hangedman_lair_generics_rect

Skill      XL: |  1  2  3  4  5  6  7  8  9 10 11 12 |
---------------+-------------------------------------+-----
Fighting       | 3 4 5 6 8 9 10 12 | 12.5
Ranged Weapons | 5 6 7 8 10 11 13 15 16 | 16.0
Armour         | 4 |  4.5
Dodging        | 4 |  4.8
Invocations    | 1 6 |  6.9
Stealth        | 3 |  3.1
Spellcasting   | |  0.7

Action                     |  1- 3 |  4- 6 |  7- 9 | 10-12 || total
---------------------------+-------+-------+-------+-------++-------
  Melee: Shortbow          |       |     9 |     3 |       ||    12
         Flail             |       |       |     3 |       ||     3
   Fire: Shortbow          |    88 |   213 |   397 |   976 ||  1674
 Invoke: Wall of Briars    |       |       |       |     4 ||     4
  Evoke: Wand              |       |       |       |     4 ||     4
    Use: Potion            |       |     5 |       |     3 ||     8
         Scroll            |       |     4 |     8 |    13 ||    25
 Armour: Ring mail         |    35 |    81 |   138 |   151 ||   405
         Acid dragon scale |       |       |       |   116 ||   116
  Dodge: Dodged            |    46 |    81 |   136 |   355 ||   618

Table legend: (Time is in decaauts)
 A = Elapsed time spent in this place.
 B = Non-inter-level travel time spent in this place.
 C = Inter-level travel time spent in this place.
 D = Time resting spent in this place.
 E = Time spent auto-exploring this place.
 F = Levels seen in this place.
 G = Mean time per level.
                   A        B        C        D        E       F      G
               +--------+--------+--------+--------+--------+-----+--------+
         Total |  18570 |  17708 |    862 |    813 |  12695 |  18 | 1031.7 |
       Dungeon |  15012 |  14286 |    726 |    782 |  10094 |  13 | 1154.8 |
          Lair |   3557 |   3422 |    135 |     31 |   2600 |   5 |  711.4 |
               +--------+--------+--------+--------+--------+-----+--------+

Top non-repeatable levels by time:
     D:7: 2201 daAuts
     D:8: 2057 daAuts
     D:5: 1478 daAuts
     D:4: 1469 daAuts
     D:9: 1364 daAuts
    D:10: 1254 daAuts
     D:6: 1160 daAuts
  Lair:3: 1147 daAuts
    D:11: 1035 daAuts
  Lair:1: 1003 daAuts
     D:3: 891 daAuts
  Lair:2: 831 daAuts
     D:2: 808 daAuts
    D:12: 804 daAuts
  Lair:4: 524 daAuts
